 Dungeon Crawl Stone Soup version 0.20.1-1-g8b1a95d (console) character file.

37 hilaritas the Slasher (level 3, -1/27 HPs)
             Began as a Vampire Gladiator on Mar 22, 2018.
             Was a Follower of Vehumet.
             Slain by an orc wizard
             ... wielding a +0 dagger
              (2 damage)
             ... on level 4 of the Dungeon.
             The game lasted 00:03:17 (1357 turns).

hilaritas the Slasher (Vampire Gladiator)           Turns: 1357, Time: 00:03:18

Health: -1/27      AC:  4    Str: 14    XL:     3   Next: 23%
Magic:  3/3        EV: 13    Int: 10    God:    Vehumet [*.....]
Gold:   87         SH:  0    Dex: 15    Spells: 1/2 levels left

rFire    . . .     SeeInvis +   a - +0 long sword
rCold    . . .     Gourm    .   (no shield)
rNeg     + . .     Faith    .   b - +0 leather armour
rPois    .         Spirit   .   c - +0 helmet
rElec    .         Reflect  .   (no cloak)
rCorr    .         Harm     .   (no gloves)
MR       .....                  (no boots)
Stlth    ++........             (no amulet)
Regen    0.1/turn               (no ring)
MPRegen  0.1/turn               (no ring)

@: no status effects
A: fangs 3, see invisible, unbreathing
a: Bat Form, Renounce Religion


You were on level 4 of the Dungeon.
You worshipped Vehumet.
Vehumet was aware of your devotion.
You were not thirsty.

You visited 1 branch of the dungeon, and saw 4 of its levels.

You collected 87 gold pieces.

Inventory:

Hand Weapons
 a - a +0 long sword (weapon)
 h - a +0 dagger
Missiles
 d - 3 throwing nets (quivered)
 k - 18 arrows
Armour
 b - a +0 leather armour (worn)
 c - a +0 helmet (worn)
Scrolls
 g - 2 scrolls of remove curse
Potions
 e - 6 potions of blood
 f - 2 potions of curing
 i - a potion of agility {unknown}
 j - a potion of magic {unknown}


   Skills:
 + Level 2.0 Fighting
 * Level 3.9 Long Blades
 - Level 1.5 Throwing
 - Level 3.2 Dodging
 * Level 2.1 Stealth


You had one spell level left.
You knew the following spells:

 Your Spells              Type           Power        Failure   Level  Hunger
a - Sting                 Conj/Pois      #...         43%         1    ##.....


Dungeon Overview and Level Annotations

Branches:
Dungeon (4/15)
 Temple: D:4-7

Altars:
Vehumet


Innate Abilities, Weirdness & Mutations

You have razor-sharp teeth.
You have supernaturally acute eyesight. (SInv)
You can survive without breathing.


Message History

You hit the orc.
The orc is lightly wounded.
The orc wizard closely misses you. The quokka bites you.
The orc moves out of view.
The orc hits you but does no damage. The orc wizard barely misses you.
You riposte.
You barely miss the orc wizard.
The orc shouts!
You bite the orc wizard.
The orc wizard is lightly wounded.
The quokka misses you.
The orc wizard looks encouraged for a moment.
The orc closely misses you. The quokka bites you.
An orc wizard comes into view. It is wielding a dagger.
The orc wizard gestures at you while chanting.
The magic dart hits you!
* * * LOW HITPOINT WARNING * * *
The quokka bites you.
* * * LOW HITPOINT WARNING * * *
The orc wizard misses you. The orc hits you but does no damage.
The orc wizard hits you with a dagger.
You die... oo

.## ..# #o## #!a#
#os# #####ro#
#....o@#
####+#.##########
#..).....#.......
#................
#........#.######
#........#.#
#........#.#
#........#.#
####'#'#.#.#
#.#.#.#.#
#.#†#.#.#


You could see a worker ant, an orc priest, 2 orc wizards, 3 orcs, a quokka and a
giant cockroach.

Vanquished Creatures
  An adder (D:4)
  A dart slug (D:1)
  A leopard gecko (D:1)
  2 ball pythons (D:1)
  2 giant cockroaches
  A goblin (D:1)
  5 hobgoblins (D:1)
  4 bats
  2 kobolds (D:1)
  5 rats
24 creatures vanquished.

Notes
Turn   | Place    | Note
-------+----------+-------------------------------------------
     0 | D:1      | hilaritas the Vampire Gladiator began the quest for the Orb.
     0 | D:1      | Reached XP level 1. HP: 16/16 MP: 1/1
   253 | D:1      | Reached skill level 1 in Stealth
   322 | D:1      | Reached XP level 2. HP: 18/22 MP: 2/2
  1115 | D:2      | Found a faded altar of an unknown god.
  1120 | D:2      | Became a worshipper of Vehumet
  1120 | D:2      | Reached * piety under Vehumet
  1120 | D:2      | Offered knowledge of Sting by Vehumet.
  1123 | D:2      | Learned a level 1 spell: Sting
  1311 | D:3      | Reached XP level 3. HP: 27/27 MP: 3/3
  1356 | D:4      | HP: 1/27 [quokka (2)]
  1357 | D:4      | Slain by an orc wizard

Skill      XL: |  1  2  3 |
---------------+----------+-----
Stealth        | 1 2 |  2.1
Fighting       | 2 |  2.0
Long Blades    | |  3.9
Throwing       | |  1.5
Dodging        | |  3.2

Action                   || total
-------------------------++-------
Melee: Long sword        ||    57
       Bite              ||     9
  Use: Scroll            ||     5
 Stab: Sleeping          ||     1
  Eat: Corpse            ||     3
Armor: Leather armour    ||    24
Dodge: Dodged            ||    90
       Rpst.: Long sword ||    19
